 Dungeon Crawl Stone Soup version 0.19.0-19-g8c6edcc (webtiles) character file.

558 Jerry the Slasher (level 7, 0/67 HPs)
             Began as a Minotaur Gladiator on Nov 15, 2016.
             Slain by a sky beast (6 damage)
             ... on level 5 of the Dungeon.
             The game lasted 00:12:22 (4261 turns).

Jerry the Slasher (Minotaur Gladiator)              Turns: 4261, Time: 00:12:23

Health: 0/67       AC:  8    Str: 20    XL:     7   Next: 9%
Magic:  6/6        EV: 12    Int:  7    God:
Gold:   169        SH:  0    Dex: 10    Spells: 0 memorised, 6 levels left

rFire  + . .     SeeInvis .     a - +0 long sword
rCold  . . .     Gourm    .     p - +0 ring mail
rNeg   . . .     Faith    .     (no shield)
rPois  .         Spirit   .     (helmet unavailable)
rElec  .         Reflect  .     (no cloak)
rCorr  .         Harm     .     G - +0 pair of gloves
MR     .....     Rnd*Rage +     B - +0 pair of boots
Stlth  ..........               (no amulet)
                                (no ring)
                                v - ring of protection from fire

@: lethally poisoned (0 -> -6), flying, slowed, very slow
A: retaliatory headbutt, horns 3, berserk 1, robust 1
a: no special abilities


You were on level 5 of the Dungeon.
You were hungry.

You visited 1 branch of the dungeon, and saw 5 of its levels.

You collected 169 gold pieces.

Inventory:

Hand Weapons
 a - a +0 long sword (weapon)
Missiles
 d - 6 throwing nets (quivered)
 e - 43 sling bullets
 j - 17 poisoned needles
Armour
 b - a +0 leather armour
 c - a +0 hat
 p - a +0 ring mail (worn)
 A - a +0 buckler
 B - a +0 pair of boots (worn)
 G - a +0 pair of gloves (worn)
Jewellery
 v - a ring of protection from fire (left hand)
Wands
 x - a wand of enslavement (11/24)
 y - a wand of flame (21/48)
 F - a wand of acid (4/15)
Scrolls
 h - 4 scrolls of teleportation {unknown}
 l - 4 scrolls of identify {unknown}
 m - 4 scrolls of remove curse
 n - 2 scrolls of recharging {unknown}
 o - a scroll of magic mapping {unknown}
 s - a scroll of random uselessness {unknown}
 u - a scroll of enchant armour {unknown}
 w - 2 scrolls of blinking {unknown}
 E - a scroll of fog {unknown}
Potions
 r - 2 potions of heal wounds {unknown}
 t - 3 potions of curing {unknown}
 z - a potion of cure mutation {unknown}
 C - a potion of cancellation {unknown}
Comestibles
 f - 3 bread rations
 g - 4 meat rations
 i - 3 fruits


   Skills:
 + Level 5.5 Fighting
 + Level 6.6 Long Blades
 - Level 2.0 Throwing
 + Level 4.8 Armour
 - Level 3.2 Dodging


You had 6 spell levels left.
You didn't know any spells.

Dungeon Overview and Level Annotations

Branches:
Dungeon (5/15)
 Temple: D:4-7

Altars:
Fedhas

Shops:
D:4 [

Annotations:
D:3 exclusion: oklob plant, tschems's ghost, amateur HuBe


Innate Abilities, Weirdness & Mutations

You reflexively headbutt those who attack you in melee.
You have a pair of large horns on your head.
You tend to lose your temper in combat.
You are robust. (+10% HP)


Message History

You kill the orc wizard!
The worker ant closely misses you.
You riposte.
You hit the worker ant.
The worker ant is moderately wounded.
The worker ant barely misses you.
You riposte.
You completely miss the worker ant.
The worker ant is moderately wounded.
The sky beast barely misses you. You furiously retaliate!
You headbutt the sky beast.
It was a potion of flight.
You feel very buoyant.
You fly up into the air.
You feel sick. The worker ant barely misses you. You furiously retaliate!
You headbutt the worker ant, but do no damage.
The sky beast hits you but does no damage.
The worker ant barely misses you.
The sky beast flickers out of sight!
Deactivating autopickup; reactivate with Ctrl-A.
Something hits you.
* * * LOW HITPOINT WARNING * * *
Something shocks you.
You die...

)##### ....#
.....###...#
####.##..#.# ### #
#....# .... #
###..###..... # #......#
# ##...#### . #.....##
########.
.......##..#####@)......
##.##.####(.!.){a.......
## ... #######)....... .
..## #........ #..
%........ .. .........
##........ #........
.........


You could see a worker ant.

Vanquished Creatures
  A scorpion (D:4)
  A hound (D:4)
  An orc wizard (D:5)
  2 orc priests
  A worker ant (D:4)
  A hound zombie (D:5)
  11 gnolls
  12 adders
  2 oozes
  An adder skeleton (D:4)
  4 worms (D:2)
  5 dart slugs
  3 leopard geckos
  8 orcs
  3 bats
  7 giant cockroaches
  10 goblins
  8 hobgoblins
  9 jackals
  4 kobolds
  A quokka (D:3)
  A ball python (D:2)
  2 frilled lizards
  A quokka skeleton (D:4)
  8 rats
107 creatures vanquished.

Notes
Turn   | Place    | Note
-------+----------+-------------------------------------------
     0 | D:1      | Jerry the Minotaur Gladiator began the quest for the Orb.
     0 | D:1      | Reached XP level 1. HP: 18/18 MP: 0/0
   154 | D:1      | Reached skill level 4 in Long Blades
   154 | D:1      | Reached XP level 2. HP: 14/25 MP: 1/1
   161 | D:1      | Reached skill level 1 in Armour
   782 | D:2      | Reached XP level 3. HP: 30/30 MP: 2/2
  1053 | D:2      | Reached XP level 4. HP: 31/38 MP: 3/3
  1417 | D:2      | Reached skill level 5 in Long Blades
  1912 | D:3      | Reached XP level 5. HP: 42/45 MP: 4/4
  1934 | D:3      | Noticed tschems's ghost (amateur HuBe)
  2849 | D:3      | Found a blossoming altar of Fedhas.
  2872 | D:3      | Noticed an oklob plant
  3187 | D:4      | Found Huluqaso's Antique Armour Shop.
  3344 | D:4      | Reached XP level 6. HP: 43/53 MP: 5/5
  3531 | D:4      | Reached skill level 6 in Long Blades
  4020 | D:4      | Reached skill level 5 in Fighting
  4073 | D:5      | Entered Level 5 of the Dungeon
  4250 | D:5      | Noticed a sky beast
  4254 | D:5      | Reached XP level 7. HP: 39/61 MP: 6/6
  4260 | D:5      | Gained mutation: You have a pair of large horns on your head. [potion of mutation]
  4260 | D:5      | Gained mutation: You are robust. (+10% HP) [potion of mutation]
  4260 | D:5      | Gained mutation: You tend to lose your temper in combat. [potion of mutation]
  4261 | D:5      | Slain by a sky beast

Skill      XL: |  1  2  3  4  5  6 |
---------------+-------------------+-----
Long Blades    | 4 5 6 |  6.6
Armour         | 2 3 4 |  4.8
Fighting       | 3 4 5 |  5.5
Throwing       | |  2.0
Dodging        | |  3.2

Action                   |  1- 3 |  4- 6 |  7- 9 || total
-------------------------+-------+-------+-------++-------
Melee: Long sword        |    63 |   184 |     4 ||   251
       Headbutt          |    11 |    37 |       ||    48
Throw: Throwing net      |       |     1 |       ||     1
  Use: Scroll            |       |     1 |       ||     1
       Potion            |       |       |     2 ||     2
 Stab: Sleeping          |       |     1 |       ||     1
  Eat: Chunk             |       |     8 |       ||     8
       Beef jerky        |       |     1 |       ||     1
       Fruit             |       |     1 |       ||     1
Armor: Leather armour    |    15 |    26 |       ||    41
       Ring mail         |       |    43 |    15 ||    58
Dodge: Dodged            |    43 |   129 |    15 ||   187
       Rpst.: Long sword |    10 |    42 |     4 ||    56
